 Dungeon Crawl Stone Soup version 0.30-a0-377-g5cb311bc9f (webtiles) character file.

Game seed: 13026325218587507975

19 Shayle the Conjurer (level 2, 0/34 HPs)
             Began as a Demonspawn Reaver on Nov 30, 2022.
             Slain by Terence
             ... wielding a +0 flail
              (5 damage)
             ... on level 2 of the Dungeon.
             The game lasted 00:04:19 (959 turns).

Shayle the Conjurer (Demonspawn Reaver)              Turns: 959, Time: 00:04:20

Health: 0/34       AC: 21    Str: 12    XL:     2   Next: 55%
Magic:  5/5        EV:  2    Int: 14    God:
Gold:   61         SH:  0    Dex: 11    Spells: 4/5 levels left

rFire   . . .      SeeInvis .    a - +0 hand axe
rCold   . . .      Faith    .    (no shield)
rNeg    . . .      Spirit   .    (body armour currently unavailable)
rPois   +          Reflect  .    (helmet currently unavailable)
rElec   .          Harm     .    (cloak currently unavailable)
rCorr   .          Rampage  .    (gloves currently unavailable)
Will    .....      NoTele   +    (boots currently unavailable)
Stlth   ++........               (no amulet)
HPRegen 0.25/turn                h - ring of wizardry
MPRegen 0.09/turn                (no ring)

@: tree-form
A: stationary, stasis, torment immunity, boosted hp, powered by death 1
a: no special abilities


You were on level 2 of the Dungeon.
You were a tree.
You visited 1 branch of the dungeon, and saw 2 of its levels.

You collected 61 gold pieces.

Inventory:

Hand Weapons
 a - a +0 hand axe (weapon)
Armour
 b - a +0 leather armour (melded)
Jewellery
 h - a ring of wizardry (left branch)
Scrolls
 c - 3 scrolls of vulnerability {unknown}
 f - a scroll of torment {unknown}
 g - a scroll of identify {unknown}
 i - a scroll of magic mapping {unknown}
Potions
 e - a potion of curing {unknown}


   Skills:
 + Level 2.4 Fighting
 - Level 2.6 Axes
 + Level 1.0 Armour
 - Level 1.7 Dodging
 + Level 1.2 Stealth
 - Level 2.0 Spellcasting
 - Level 3.0 Conjurations


You had 4 spell levels left.
You knew the following spells:

 Your Spells              Type           Power      Damage    Failure   Level
a - Kiss of Death         Conj/Necr      20%        2d7       5%          1

Your spell library contained the following spells:

 Spells                   Type           Power      Damage    Failure   Level
 Momentum Strike          Conj/Tloc      10%        3d8       8%          2
 Hailstorm                Conj/Ice       5%         3d4       16%         3


Dungeon Overview and Level Annotations

Branches:
Dungeon (2/15)

Altars:

Annotations:
D:2 Terence


Innate Abilities, Weirdness & Mutations

You are a tree.
Your roots penetrate the ground, keeping you stationary.
You cannot be teleported.
You are immune to unholy pain and torment.
Your maximum health is greatly increased.
Your equipment is partially melded.
You regenerate a little health from kills.


Message History

You climb downwards.
Level annotation: Terence
There is a stone staircase leading up here.
There is a stone staircase leading down here.
Found 15 gold pieces.
You now have 61 gold pieces (gained 15).
Terence shouts!
Terence says, "Don't bother to defend, it's useless."
There is a stone staircase leading down here.
Okay, then.
There is a stone staircase leading up here.
You climb upwards.
There is a stone staircase leading down here.
h - a ring of wizardry (left hand) You're too inexperienced to learn that spell!
Unknown command.
You climb downwards.
Level annotation: Terence Terence hits you with a +0 flail.
There is a stone staircase leading up here.
You closely miss Terence. Terence barely misses you.
You hit Terence but do no damage. Terence hits you with a +0 flail!
Ouch! That really hurt!
* * * LOW HITPOINT WARNING * * *
You hit Terence but do no damage. Terence closely misses you. x2
You closely miss Terence. Terence barely misses you.
You hit Terence.
Terence is lightly wounded.
Terence closely misses you.
You barely miss Terence.
Terence is lightly wounded.
Terence hits you with a +0 flail.
* * * LOW HITPOINT WARNING * * *
It was a potion of lignification.
You turn into a tree.
Your +0 leather armour melds into your body.
Your roots penetrate the ground.
Terence barely misses you.
You hit Terence.
Terence is moderately wounded.
Terence hits you with a +0 flail.
You die...

####### ########
#.....########......#
#####.......##......#
#######..#.>....# ###
##........# ...
###......#
#.##########......##
#..................#
###÷@♣.######..##..#
##...<.# #...## .##
#####...#######.### #
###...>.#.# #...#
####...###...#
###.### # #....###
#<#####...##....
##.####
.............# #..# .
...###...###### ##.##
......## #...#


You could see Terence.

Vanquished Creatures
  2 endoplasms (D:1)
  A giant cockroach (D:1)
  4 hobgoblins
  2 kobolds (D:1)
  A quokka (D:1)
  2 ball pythons (D:1)
  3 bats
  A frilled lizard (D:1)
  A rat (D:2)
17 creatures vanquished.

Notes
Turn   | Place    | Note
-------+----------+-------------------------------------------
     0 | D:1      | Shayle the Demonspawn Reaver began the quest for the Orb.
     0 | D:1      | Reached XP level 1. HP: 16/16 MP: 3/3
    64 | D:1      | Found a faded altar of an unknown god.
   209 | D:1      | Gained mutation: You regenerate a little health from kills.
                  | [demonic ancestry]
   209 | D:1      | Reached XP level 2. HP: 21/22 MP: 5/5
   348 | D:1      | Reached skill level 1 in Stealth
   747 | D:2      | Reached skill level 1 in Armour
   811 | D:2      | Noticed Terence
   959 | D:2      | Slain by Terence

Illustrated notes

Levels and vault maps discovered:
D:1:      minmay_arrival_radiant_lines, layout_loops_ring,
          dreamdust_ecumenical_altar_grove
D:2:      layout_rooms, serial_shops, shop, kennysheep_generic_room_14,
          uniq_terence

Skill      XL: |  1  2 |
---------------+-------+-----
Stealth        | 1 |  1.2
Armour         | 1 |  1.0
Fighting       | |  2.4
Axes           | |  2.6
Dodging        | |  1.7
Spellcasting   | |  2.0
Conjurations   | |  3.0

Action                   || total
-------------------------++-------
Melee: Hand axe          ||    75
  Use: Potion            ||     1
 Stab: Sleeping          ||     1
Armor: Leather armour    ||    16
Dodge: Dodged            ||    57

Table legend: (Time is in decaauts)
 A = Elapsed time spent in this place.
 B = Non-inter-level travel time spent in this place.
 C = Inter-level travel time spent in this place.
 D = Time resting spent in this place.
 E = Time spent auto-exploring this place.
 F = Levels seen in this place.
 G = Mean time per level.
                   A        B        C        D        E       F      G
               +--------+--------+--------+--------+--------+-----+--------+
         Total |    971 |    932 |     39 |    117 |    538 |   2 |  485.5 |
       Dungeon |    971 |    932 |     39 |    117 |    538 |   2 |  485.5 |
               +--------+--------+--------+--------+--------+-----+--------+

Top non-repeatable levels by time:
     D:1: 817 daAuts
     D:2: 154 daAuts
